 Dungeon Crawl Stone Soup version 0.28-a0-425-gd0eccab798 (webtiles) character file.

Game seed: 5635632713772082701

5886 bande the Cleaver (level 10, -3/63 HPs)
             Began as a Gargoyle Fighter on Sept 9, 2021.
             Was a Believer of Okawaru.
             Shot with a bolt by an orc warrior (14 damage)
             ... in a bailey.
             The game lasted 00:16:08 (9248 turns).

bande the Cleaver (Gargoyle Fighter)                Turns: 9248, Time: 00:16:09

Health: -3/63      AC: 33    Str: 22    XL:     10   Next: 82%
Magic:  12/12      EV:  4    Int:  9    God:    Okawaru [**....]
Gold:   755        SH:  5    Dex: 10    Spells: 9/9 levels left

rFire   . . .      SeeInvis +   a - +1 war axe (venom)
rCold   . . .      Faith    .   c - +0 buckler
rNeg    + . .      Spirit   .   e - +1 crystal plate armour
rPois   ∞          Reflect  .   (no helmet)
rElec   +          Harm     .   l - +2 cloak
rCorr   .          Rampage  .   (no gloves)
Will    .....                   w - +1 pair of boots
Stlth   ..........              f - amulet of regeneration
HPRegen 1.20/turn               b - ring of see invisible
MPRegen 0.13/turn               (no ring)

@: no status effects
A: sickness immunity, AC +7, negative energy resistance 1, electricity
resistance, torment resistance 1, petrification resistance
a: Renounce Religion, Heroism


You were in a bailey.
You worshipped Okawaru.
Okawaru was pleased with you.
You visited 2 branches of the dungeon, and saw 10 of its levels.
You also visited: Ossuary and Bailey.

You collected 823 gold pieces.
You spent 68 gold pieces at shops.

Inventory:

Hand Weapons
 a - a +1 war axe of venom (weapon)
 v - a +0 war axe
 x - a +0 flail
Armour
 c - a +0 buckler (worn)
 e - a +1 crystal plate armour (worn)
 l - a +2 cloak (worn)
 w - a +1 pair of boots (worn)
Jewellery
 b - a ring of see invisible (left hand)
 f - an amulet of regeneration (around neck)
Wands
 j - a wand of paralysis (13)
 u - a wand of polymorph (8)
 y - a wand of flame (20)
Scrolls
 s - 3 scrolls of teleportation
 t - a scroll of enchant weapon
 z - a scroll of fog {unknown}
 A - a scroll of identify
 B - a scroll of blinking {unknown}
 C - a scroll of amnesia
Potions
 d - a potion of might
 g - a potion of berserk rage
 h - a potion of cancellation
 i - a potion of invisibility
 k - 6 potions of curing
 m - a potion of lignification {unknown}
 n - a potion of resistance
 o - a potion of brilliance
 p - a potion of attraction {unknown}
 q - 2 potions of flight
 r - 4 potions of heal wounds


   Skills:
 + Level 7.3 Fighting
 + Level 10.2 Axes
 + Level 8.4 Armour
 + Level 6.3 Shields
 * Level 3.3 Invocations
 * Level 2.9 Evocations


You had 9 spell levels left.
You didn't know any spells.
Your spell library contained the following spells:

 Spells                   Type           Power      Damage    Failure   Level
 Shock                    Conj/Air       0%         1d3       100%        1
 Wereblood                Tmut           0%         N/A       100%        2
 Swiftness                Air            0%         N/A       100%        3
 Airstrike                Air            0%         N/A       100%        4
 Leda's Liquefaction      Hex/Erth       0%         N/A       100%        4
 Iskenderun's Battlesphe  Conj           0%         2d6       100%        5
 Lee's Rapid Deconstruct  Erth           0%         3d5*      100%        5
 Iron Shot                Conj/Erth      0%         9d1       100%        6
 Orb of Destruction       Conj           0%         N/A       100%        7
 Sublimation of Blood     Necr           Unusable   N/A       N/A         2
 Statue Form              Tmut/Erth      Unusable   N/A       N/A         6
 Summon Hydra             Summ           Unusable   N/A       N/A         7

Dungeon Overview and Level Annotations

Branches:
Dungeon (9/15)             Temple (1/1) D:6         Ossuary (visited)
 Bailey (1/1)
   Lair: D:8-11         Orc: D:9-12

Altars:
Ashenzari
Elyvilon
Fedhas
Hepliaklqana
Kikubaaqudgha
Okawaru
Qazlal
Ru
Trog
Uskayaw
Vehumet
Yredelemnul
Zin
The Shining One

Shops:
D:2 !   D:7 ![

Annotations:
D:8 3 runed translucent doors, Maimakterion's ghost, novice DEFE


Innate Abilities, Weirdness & Mutations

You are immune to sickness and miasma.
Your stone body is resilient. (AC +7)
You are immune to poison.
You resist negative energy. (rN+)
You are resistant to electric shocks. (rElec)
You are resistant to unholy torment.
You are immune to petrification.


Message History

The orc hits you but does no damage. You block the orc warrior's attack.
You slash the orc!
You kill the orc!
Okawaru accepts your kill.
The orc knight roars a battlecry!
The orc knight goes into a battle-frenzy!
The orc warrior shoots a bolt.
The bolt hits you! The orc warrior barely misses you.
The orc knight roars a battlecry!
The orc warrior shoots a bolt.
You block the bolt.
The orc warrior hits you with a +0 halberd!!
You hit the orc warrior.
The orc warrior is poisoned.
The orc warrior is lightly wounded.
The orc warrior barely misses you.
You closely miss the orc warrior.
The orc warrior is lightly wounded.
The orc warrior shoots a bolt.
The bolt hits you but does no damage.
The orc warrior hits you but does no damage.
You slash the orc warrior!
The orc warrior looks as sick as possible!
The orc warrior is heavily wounded.
The orc warrior shoots a bolt.
The bolt hits you!
The orc warrior hits you but does no damage.
You closely miss the orc warrior.
The orc warrior is heavily wounded.
The orc warrior shoots a bolt.
The bolt hits you!
* * * LOW HITPOINT WARNING * * *
The orc warrior hits you with a +0 halberd!
* * * LOW HITPOINT WARNING * * *
You barely miss the orc warrior.
The orc warrior is heavily wounded.
The orc knight no longer looks unusually strong.
The orc warrior shoots a bolt.
The bolt hits you but does no damage. You block the orc warrior's attack.
You slash the orc warrior!
You kill the orc warrior!
Okawaru accepts your kill.
An orc comes into view. It is wielding a +0 trident.
The orc warrior shoots a bolt.
The bolt hits you!
You die...

### ##∩## #.∩.#
#@..#
≈≈o≈≈.)..)..≈≈o≈
≈.oo≈.......≈oo.
≈≈o≈≈.......≈≈o≈
o≈≈≈..#...#..≈≈≈
.....##...##.o..
##### ##∩## ####
###


You could see 3 orc knights, 4 orc warriors and 3 orcs.

Vanquished Creatures
  Pikel (D:7)
  Joseph (D:8)
  Prince Ribbit (D:5)
  Sigmund (D:3)
  4 yaks (D:6)
  4 steam dragons
  Menkaure (D:6)
  2 water moccasins (D:4)
  3 orc warriors
  A hornet zombie (D:8)
  2 sky beasts
  An ice beast (D:7)
  2 black bears (D:7)
  4 necrophages
  3 ogres
  4 centaurs
  A phantom (D:5)
  2 bullfrogs
  A kobold brigand (D:7)
  5 water moccasin zombies
  2 water moccasin skeletons (D:4)
  4 howler monkeys
  A centaur zombie (D:5)
  6 hounds
  A bullfrog skeleton (D:7)
  A jelly (D:7)
  A centaur skeleton (D:5)
  Crazy Yiuf (D:2)
  3 orc wizards
  Terence (D:2)
  5 iguanas
  2 howler monkey zombies (D:8)
  2 mummies (Ossuary)
  A howler monkey skeleton (D:5)
  8 adders
  A white imp (D:7)
  4 adder zombies
  2 dart slugs
  12 orcs
  6 endoplasms
  4 giant cockroaches
  12 goblins
  4 hobgoblins
  10 jackals
  5 quokkas
  7 ball pythons
  6 bats
  4 frilled lizards
  3 gnoll zombies (Ossuary)
  2 hobgoblin zombies (Ossuary)
  12 kobolds
  4 kobold zombies (Ossuary)
  6 orc zombies (Ossuary)
  5 rats
192 creatures vanquished.

Vanquished Creatures (others)
  A bullfrog (D:8)
  A scorpion zombie (D:5)
2 creatures vanquished.

Grand Total: 194 creatures vanquished

Notes
Turn   | Place    | Note
-------+----------+-------------------------------------------
     0 | D:1      | bande the Gargoyle Fighter began the quest for the Orb.
     0 | D:1      | Reached XP level 1. HP: 14/14 MP: 1/1
   199 | D:1      | Reached skill level 2 in Axes
   201 | D:1      | Reached XP level 2. HP: 19/19 MP: 2/2
   680 | D:1      | Found a faded altar of an unknown god.
   795 | D:1      | Reached XP level 3. HP: 22/23 MP: 3/3
  1197 | D:1      | Got Lehudib's Guide on Earthen Conjuration
  1522 | D:2      | Found Zav Girr's Distillery.
  1530 | D:2      | Bought a potion of degeneration for 13 gold pieces
  1565 | D:2      | Noticed Terence
  1584 | D:2      | Killed Terence
  1585 | D:2      | Reached skill level 3 in Axes
  1585 | D:2      | Reached XP level 4. HP: 11/28 MP: 4/4
  2176 | D:2      | Reached XP level 5. HP: 28/32 MP: 5/5
  2426 | D:2      | Found a runed translucent door.
  2427 | D:2      | Noticed Crazy Yiuf
  2597 | D:2      | Killed Crazy Yiuf
  2975 | D:3      | Noticed Sigmund
  3003 | D:3      | Killed Sigmund
  3004 | D:3      | Reached skill level 4 in Axes
  3004 | D:3      | Reached XP level 6. HP: 37/38 MP: 6/6
  3451 | D:3      | Found a bloodstained altar of Trog.
  3823 | D:4      | Noticed a water moccasin
  3831 | D:4      | Reached skill level 5 in Axes
  3831 | D:4      | Reached skill level 5 in Armour
  3831 | D:4      | Reached XP level 7. HP: 16/44 MP: 7/7
  4626 | D:5      | Entered Level 5 of the Dungeon
  4631 | D:5      | Noticed a steam dragon
  4638 | D:5      | Reached XP level 8. HP: 26/48 MP: 8/8
  4640 | D:5      | Reached skill level 6 in Axes
  4643 | D:5      | Reached skill level 5 in Fighting
  4874 | D:5      | Reached skill level 7 in Axes
  4883 | D:5      | Noticed Prince Ribbit
  4905 | D:5      | Found a sand-covered staircase.
  4910 | Ossuary  | Entered an ossuary
  5191 | Ossuary  | Reached skill level 5 in Shields
  5420 | D:5      | Reached XP level 9. HP: 55/55 MP: 9/9
  5421 | D:5      | Killed Prince Ribbit
  5422 | D:5      | Reached skill level 8 in Axes
  6727 | D:6      | Reached skill level 9 in Axes
  7080 | D:6      | Found a staircase to the Ecumenical Temple.
  7087 | Temple   | Entered the Ecumenical Temple
  7162 | Temple   | Became a worshipper of Warmaster Okawaru
  7334 | D:6      | Noticed Menkaure
  7344 | D:6      | Killed Menkaure
  7807 | D:7      | Reached * piety under Okawaru
  7808 | D:7      | Reached XP level 10. HP: 61/61 MP: 10/10
  7855 | D:7      | Reached skill level 1 in Evocations
  7877 | D:7      | Found Odapt's Distillery.
  7883 | D:7      | Bought a potion of heal wounds for 55 gold pieces
  7906 | D:7      | Found Juddele's Antique Armour Shoppe.
  7971 | D:7      | Reached skill level 1 in Invocations
  8470 | D:8      | Noticed Joseph
  8470 | D:8      | Noticed Pikel
  8497 | D:7      | Killed Pikel
  8497 | D:7      | Reached ** piety under Okawaru
  8532 | D:8      | Killed Joseph
  8533 | D:8      | Reached skill level 10 in Axes
  8789 | D:8      | Found a runed translucent gate.
  8789 | D:8      | Found a runed translucent gate.
  8789 | D:8      | Found a runed translucent gate.
  8790 | D:8      | Noticed Maimakterion's ghost (novice DEFE)
  8791 | D:8      | Noticed a kobold demonologist
  9190 | D:9      | Found a flagged portal.
  9231 | Bailey   | Entered a bailey
  9231 | Bailey   | Noticed an orc knight
  9231 | Bailey   | Noticed an orc knight
  9235 | Bailey   | Noticed an orc knight
  9248 | Bailey   | Shot with a bolt by an orc warrior

Illustrated notes

Levels and vault maps discovered:
D:1:      elethiomel_arrival_infinity_welcomes_careful_drivers,
          layout_loops_corners, basic_ecumenical_altar
D:2:      layout_rooms, serial_shops, shop, hex_intersection, minmay_liquid_box,
          minmay_crystal_water, uniq_terence, uniq_crazy_yiuf_cottage
D:3:      layout_loops_corners, trog_book, uniq_sigmund
D:4:      layout_cave_pools
D:5:      minmay_opposing_rooms, layout_basic, enter_ossuary_2,
          serial_park_tiny_1, uniq_prince_ribbit1
D:6:      layout_basic, temple_green, uniq_menkaure
D:7:      minmay_polygon_palace, layout_rooms, serial_shops,
          nicolae_shop_waterfront, kennysheep_mini
D:8:      layout_basic, gammafunk_ghost_nasty_kobolds, uniq_pikel, uniq_joseph
D:9:      layout_layer_cave, serial_rivers, chequers_serial_rivers_room_b,
          chequers_serial_rivers_marsh, chequers_serial_rivers_room_b,
          chequers_serial_rivers_micro_b, chequers_serial_rivers_small_b,
          enter_bailey_5, hangedman_misty_isle
Temple:   minmay_crystal_snake_temple
Bailey:   bailey_polearm_4, bailey

Skill      XL: |  1  2  3  4  5  6  7  8  9 10 |
---------------+-------------------------------+-----
Axes           | 2 3 4 5 7 9 10 | 10.2
Armour         | 4 5 6 7 8 |  8.4
Fighting       | 4 5 6 7 |  7.3
Shields        | 4 5 6 |  6.3
Evocations     | 2 |  2.9
Invocations    | 3 |  3.3

Action                   |  1- 3 |  4- 6 |  7- 9 | 10-12 || total
-------------------------+-------+-------+-------+-------++-------
Melee: War axe           |   124 |   211 |   382 |   171 ||   888
  Use: Scroll            |       |     5 |    13 |     1 ||    19
       Potion            |       |     1 |     3 |       ||     4
Armor: Scale mail        |    29 |       |       |       ||    29
       Crystal plate arm |    76 |   251 |   392 |   203 ||   922
Dodge: Dodged            |    45 |    28 |    60 |    44 ||   177
Block: Buckler           |    34 |    66 |    91 |    53 ||   244

Table legend: (Time is in decaauts)
 A = Elapsed time spent in this place.
 B = Non-inter-level travel time spent in this place.
 C = Inter-level travel time spent in this place.
 D = Time resting spent in this place.
 E = Time spent auto-exploring this place.
 F = Levels seen in this place.
 G = Mean time per level.
                   A        B        C        D        E       F      G
               +--------+--------+--------+--------+--------+-----+--------+
         Total |   9433 |   9195 |    238 |   1354 |   5545 |  12 |  786.1 |
       Dungeon |   8755 |   8588 |    167 |   1161 |   5320 |   9 |  972.8 |
        Temple |    147 |     76 |     71 |      0 |     58 |   1 |  147.0 |
       Ossuary |    513 |    513 |      0 |    193 |    167 |   1 |  513.0 |
        Bailey |     16 |     16 |      0 |      0 |      0 |   1 |   16.0 |
               +--------+--------+--------+--------+--------+-----+--------+

Top non-repeatable levels by time:
     D:1: 1517 daAuts
     D:5: 1435 daAuts
     D:2: 1265 daAuts
     D:3: 1002 daAuts
     D:4: 980 daAuts
     D:7: 908 daAuts
     D:6: 870 daAuts
     D:8: 675 daAuts
 Ossuary: 513 daAuts
  Temple: 147 daAuts
     D:9: 100 daAuts
  Bailey: 16 daAuts
